[Event "*** Titled Tuesday Blitz"]
[Site "Chess.com"]
[Date "2020.05.26"]
[Round "6"]
[White "Zurability"]
[Black "bilelou"]
[Result "0-1"]
[WhiteElo "2708"]
[BlackElo "2525"]
[TimeControl "180+1"]
[EndTime "11:07:39 PDT"]
[Termination "bilelou won by checkmate"]

1. Nf3 Nf6 2. c4 e6 3. d4 d5 4. Qc2 Bb4+ 5. Nbd2 O-O 6. g3 b6 7. Bg2 Bb7 8. O-O Nbd7 9. Rd1 dxc4 10. Qxc4 a5 11. Qc2 Rc8 12. e4 c5 13. e5 cxd4 14.
Qd3 Ng4 15. Qxd4 Nxf2 16. Qxf2 Bc5 17. Nd4 Bxg2 18. Kxg2 Nxe5 19. N2b3 Qd5+ 20. Kh3 a4 21. Nxc5 bxc5 22. Bf4 cxd4 23. Rxd4 Qb5 24. Bxe5 Qxe5 25. Rxa4 Rb8 26. Rd4 Rfc8 27. Rad1 h5 28. R1d2 Rc1 29. Qf3 Rcc8 30. Rd7 Rf8 31. R7d4 Rb5 32. b4 Qe1 33. Re2 Qb1 34. a3 Rf5 35. Rf4 g5 36. Rxf5 g4+ 37. Kh4 gxf3 38. Rg5+ Kh7 39. Rxh5+ Kg7 40. Rg5+ Kf6 41. Rf2 Rh8+ 42. Kg4 Qe4# 0-1

[Event "*** Titled Tuesday Blitz"]
[Site "Chess.com"]
[Date "2020.05.26"]
[Round "6"]
[White "El_ultimo_Pablo"]
[Black "davidkalashian"]
[Result "1-0"]
[WhiteElo "2430"]
[BlackElo "2599"]
[TimeControl "180+1"]
[EndTime "11:07:39 PDT"]
[Termination "El_ultimo_Pablo won by checkmate"]

1. d4 Nf6 2. c4 e6 3. Nc3 Bb4 4. Qc2 c5 5. dxc5 O-O 6. Nf3 Na6 7. g3 Nxc5 8. Bg2 Nfe4 9. O-O Bxc3 10. bxc3 Qa5 11.
Be3 d6 12. Rfc1 Bd7 13. Nd4 Ba4 14. Nb3 Qa6 15. Bxe4 Qxc4 16. Bxh7+ Kh8 17. Bxc5 dxc5 18. Qe4 Bb5 19. Qxc4 Bxc4 20. Bd3 Bxd3 21. exd3 b6 22. d4 c4 23. Nd2 Rac8 24. a4 Rfd8 25. Rab1 e5 26. Nf3 exd4 27. Nxd4 Re8 28. Re1 Red8 29. Re7 Kg8 30. Rxa7 Rd6 31. Ra6 Rd5 32. Raxb6 g6 33. Rb8 Rxb8 34. Rxb8+ Kg7 35. Rb5 Rd6 36. Rc5 Rb6 37. Rxc4 Rb1+ 38. Kg2 Ra1 39. Rb4 f5 40. h4 Kf6 41. Nb5 g5 42. hxg5+ Kxg5 43. c4 f4 44. gxf4+ Kxf4 45. c5+ Ke5 46. c6 Rc1 47. c7 Ke6 48. Rd4 Ke5 49. Rd3 Ke6 50. Rc3 Rxc3 51. Nxc3 Kd6 52. Nb5+ Kd7 53. f4 Kc8 54. f5 Kd7 55.
f6 Kc8 56. f7 Kb7 57. c8=Q+ Kb6 58. Qc7+ Ka6 59. Qa7# 1-0

[Event "*** Titled Tuesday Blitz"]
[Site "Chess.com"]
[Date "2020.05.26"]
[Round "6"]
[White "RobertoJBM"]
[Black "CroissantNeuf"]
[Result "1-0"]
[WhiteElo "2584"]
[BlackElo "2358"]
[TimeControl "180+1"]
[EndTime "11:07:39 PDT"]
[Termination "RobertoJBM won on time"]

1. e4 c6 2. d4 d5 3. Nc3 dxe4 4. Nxe4 Nf6 5. Nxf6+ exf6 6. Bc4 Bd6 7. Qe2+ Qe7 8. Qxe7+ Kxe7 9. Ne2 Re8 10. Bf4 Bxf4 11. Nxf4 Kd6+ 12. Kd2 Be6 13. Nxe6 fxe6 14. Bd3 f5 15.
Rae1 Nd7 16. c4 c5 17. Kc3 cxd4+ 18. Kxd4 e5+ 19. Kc3 e4 20. Be2 Nf6 21. b4 a5 22.
c5+ Ke5 23. a3 Nd5+ 24. Kb3 axb4 25. axb4 Nf4 26. Bc4 Red8 27. g3 Nd3 28. Re2 Ra7 29. f3 Rd4 30. fxe4 fxe4 31. Rf1 Ra8 32. Bxd3 Rxd3+ 33. Kc4 Raa3 34. Rf7 Rdc3+ 35. Kb5 e3 36. Rxg7 Kd4 37. Rd7+ Ke4 38. Rxb7 Kf3 39. Rb2 e2 40. Rf7+ 1-0

[Event "*** Titled Tuesday Blitz"]
[Site "Chess.com"]
[Date "2020.05.26"]
[Round "6"]
[White "slowdgehammer"]
[Black "Sergey85Rodchenkov"]
[Result "0-1"]
[WhiteElo "2353"]
[BlackElo "2521"]
[TimeControl "180+1"]
[EndTime "11:07:39 PDT"]
[Termination "Sergey85Rodchenkov won by resignation"]

1. e4 c5 2. Nf3 e6 3. d3 Nc6 4.
g3 Nf6 5. Bg2 d6 6. O-O Be7 7.
c3 O-O 8. Re1 Bd7 9. a3 a6 10.
b4 Rc8 11. Bb2 b5 12. Nbd2 a5 13. bxa5 Nxa5 14. d4 cxd4 15. cxd4 Qb6 16. Rb1 Qa7 17. h4 h6 18. e5 Nd5 19. exd6 Bxd6 20. Ne5 Bxe5 21.
dxe5 Rfd8 22. Qg4 Nc4 23. Ne4 Nxb2 24. Rxb2 Qxa3 25. Rd2 Rc4 26. Red1 Bc6 27. Qe2 Rf8 28. Ra2 Nc3 29. Rxa3 Nxe2+ 30. Kf1 Bxe4 31. f3 Bc2 32.
Kxe2 Bxd1+ 33. Kxd1 b4 34. Rb3 Rb8 35. Bf1 Rc3 36.
Rxc3 bxc3 37. Kc2 Rb2+ 38. Kxc3 Rf2 39. Be2 Rxe2 40. Kd3 Ra2 0-1

[Event "*** Titled Tuesday Blitz"]
[Site "Chess.com"]
[Date "2020.05.26"]
[Round "6"]
[White "Gandrade2"]
[Black "zala02"]
[Result "0-1"]
[WhiteElo "2018"]
[BlackElo "2247"]
[TimeControl "180+1"]
[EndTime "11:07:39 PDT"]
[Termination "zala02 won by checkmate"]

1. d4 Nf6 2. c4 e6 3. Nc3 Bb4 4. e3 O-O 5. Bd2 d5 6. Nf3 b6 7. Bd3 Bb7 8. O-O dxc4 9. Bxc4 a6 10. Ne5 Nbd7 11. f4 c5 12. a3 cxd4 13. axb4 dxc3 14.
Bxc3 b5 15. Bd3 Nxe5 16. Bxe5 Ne4 17. Qg4 f6 18. Qxe6+ Kh8 19. Bxe4 Re8 20. Qf5 Bxe4 21.
Qxe4 fxe5 22. fxe5 Qg5 23. Rf3 Qxe5 24. Qc6 Rac8 25.
Qxa6 Qxb2 26. Raf1 Qxb4 27. Rf4 Qd6 28. Qxb5 h6 29. Rd4 Qe6 30. e4 Rc2 31. Rd6 Qxd6 32. Qxe8+ Kh7 33. e5 Qd4+ 34. Kh1 Qe4 35. Rg1 Re2 36. Qb5 Qxe5 37. Qb1+ Qe4 38. Qa1 h5 39. h3 h4 40. Qa6 Re3 41. Qf1 Rxh3# 0-1

[Event "*** Titled Tuesday Blitz"]
[Site "Chess.com"]
[Date "2020.05.26"]
[Round "6"]
[White "AnishGiri"]
[Black "GMStefanova"]
[Result "1/2-1/2"]
[WhiteElo "2956"]
[BlackElo "2641"]
[TimeControl "180+1"]
[EndTime "11:07:40 PDT"]
[Termination "Game drawn by repetition"]

1. e4 c6 2. d4 d5 3. e5 c5 4.
Nf3 cxd4 5. Nxd4 Nc6 6. Nxc6 bxc6 7. Bd3 e6 8. O-O Ne7 9. Nd2 Ng6 10. Nf3 Be7 11. Re1 O-O 12. c3 c5 13. b3 Bb7 14.
Qe2 a5 15. Rb1 Bc6 16. Bd2 Qc7 17. h4 Rfd8 18. h5 Nf8 19. h6 g6 20. Nh2 d4 21. c4 a4 22. b4 cxb4 23. Bxb4 Bxb4 24. Rxb4 Nd7 25. Ng4 Rdb8 26. Qd2 Qd8 27. Reb1 Rxb4 28. Rxb4 Qh4 29. Qf4 Qe7 30. a3 Rd8 31. Nf6+ Nxf6 32. exf6 Qf8 33. f3 e5 34. Qxe5 Qxh6 35. Rb8 Rxb8 36.
Qxb8+ Qf8 37. Qb6 Qxa3 38. Qxc6 Qc1+ 39. Kh2 Qh6+ 40. Kg3 Qg5+ 41. Kf2 Qe3+ 42. Kg3 Qg5+ 43. Kh3 Qh5+ 44. Kg3 Qg5+ 1/2-1/2

[Event "*** Titled Tuesday Blitz"]
[Site "Chess.com"]
[Date "2020.05.26"]
[Round "6"]
[White "wannabe2700"]
[Black "chessplayer9919"]
[Result "1/2-1/2"]
[WhiteElo "2712"]
[BlackElo "2489"]
[TimeControl "180+1"]
[EndTime "11:07:40 PDT"]
[Termination "Game drawn by agreement"]

1. e4 e5 2. Nf3 Nc6 3. Bb5 Nf6 4. O-O Nxe4 5. d4 Nd6 6. Bxc6 dxc6 7. dxe5 Nf5 8. Qxd8+ Kxd8 9. h3 Ke8 10. Nc3 h5 11.
Bf4 Be7 12. Rad1 Be6 13. Ng5 Rh6 14. g3 Bxg5 15. Bxg5 Rg6 16. h4 f6 17. exf6 gxf6 18. Bf4 Nxh4 19. Bxc7 Nf5 20. Rfe1 Kf7 21. Ne2 Nh4 22.
Rd3 Bd5 23. Nf4 Nf3+ 24. Rxf3 Bxf3 25. Nxg6 Kxg6 26. Re3 Bd5 27. b3 b5 28. f3 a5 29.
a4 bxa4 30. bxa4 Rc8 31. Bd6 Rd8 32. Bc5 Rb8 33. Kf2 Rb2 34. Re2 Ra2 35. c4 Rxe2+ 36. Kxe2 Bxc4+ 37. Ke3 Bb3 38. Bb6 Bxa4 39. Bxa5 Kf5 40.
Bc3 Ke6 41. Bb2 Bb3 42. g4 h4 43. Kf2 Bd1 44. Kg2 c5 45. Kh3 Bxf3 46. Kxh4 c4 47. Kg3 Bd1 48. Kf4 Kf7 49. g5 fxg5+ 50. Kxg5 Ke6 51.
Kf4 Kd5 52. Ke3 Bb3 53. Kd2 Ke4 54. Kc3 Ba2 55. Ba3 Bb3 56. Bb2 1/2-1/2

[Event "*** Titled Tuesday Blitz"]
[Site "Chess.com"]
[Date "2020.05.26"]
[Round "6"]
[White "Orest_Vovk"]
[Black "DaggiGretarsson"]
[Result "1-0"]
[WhiteElo "2443"]
[BlackElo "2606"]
[TimeControl "180+1"]
[EndTime "11:07:40 PDT"]
[Termination "Orest_Vovk won by resignation"]

1. g4 d5 2. h3 e5 3. Bg2 c6 4. d4 e4 5. c4 h5 6. Nc3 hxg4 7. cxd5 cxd5 8. Qb3 Ne7 9. Bg5 f6 10. Bf4 gxh3 11. Bxh3 Bxh3 12. Rxh3 Rxh3 13. Nxh3 Nbc6 14.
Qxb7 Qc8 15. Qxc8+ Rxc8 16. O-O-O Nf5 17. e3 g5 18. Bg3 Kd7 19. Kb1 Ke6 20. Ng1 Nxg3 21.
fxg3 Bd6 22. Nxe4 dxe4 23. d5+ Ke7 24. dxc6 Rxc6 25. Ne2 Be5 26. g4 Ke6 27. Rd8 Rc7 28. Re8+ Kd5 29. Rf8 Kc4 30. Rd8 Rh7 31. Kc2 Rh2 32.
Rd2 Rg2 33. Nc3 Rxg4 34. Nd5 Rg2 35. Rxg2 1-0

[Event "*** Titled Tuesday Blitz"]
[Site "Chess.com"]
[Date "2020.05.26"]
[Round "6"]
[White "Shushik"]
[Black "Khayala13"]
[Result "1-0"]
[WhiteElo "2134"]
[BlackElo "2324"]
[TimeControl "180+1"]
[EndTime "11:07:40 PDT"]
[Termination "Shushik won by checkmate"]

1. e4 c5 2. Nf3 e6 3. d4 d5 4. Nc3 cxd4 5. Nxd4 dxe4 6. Nxe4 Bd7 7. Bc4 Nc6 8. Nb5 Nf6 9. Nbd6+ Bxd6 10. Nxd6+ Ke7 11. O-O Ne5 12. Bf4 Nxc4 13. Nxc4 Bc6 14. Bd6+ Ke8 15. a4 Ne4 16. Qg4 Nxd6 17. Rad1 Bd5 18.
Qxg7 Rf8 19. Nxd6+ Qxd6 20. c4 Ke7 21. cxd5 Rg8 22.
Qh6 e5 23. Qh4+ Kf8 24. Rfe1 Re8 25. g3 h6 26. Re3 Rg5 27. Rde1 Kg7 28. f4 exf4 29.
Rxe8 fxg3 30. Qd4+ f6 31. R8e7+ Kg6 32. Qe4+ Kh5 33. Qf3+ Kh4 34. R7e4+ Kh3 35. Qg2# 1-0

[Event "*** Titled Tuesday Blitz"]
[Site "Chess.com"]
[Date "2020.05.26"]
[Round "6"]
[White "platy3"]
[Black "nihalsarin"]
[Result "0-1"]
[WhiteElo "2694"]
[BlackElo "3030"]
[TimeControl "180+1"]
[EndTime "11:07:41 PDT"]
[Termination "nihalsarin won on time"]

1. e4 g6 2. d4 Bg7 3. Nc3 c6 4. f4 d5 5. e5 Nh6 6. Be2 Na6 7. g4 Nc7 8. h3 f5 9. Be3 Be6 10. Qd2 fxg4 11. hxg4 Nxg4 12. O-O-O Qd7 13. Nf3 Bf5 14. Nh4 O-O-O 15. Nxf5 Qxf5 16. Rdg1 h5 17. Rh4 Ne6 18. Na4 Nxe3 19. Qxe3 Bh6 20. Rf1 Rdf8 21. Bd3 Qf7 22. Kb1 Bxf4 23. Qe1 g5 24. Rhh1 h4 25. Qa5 Kb8 26.
Nc5 Nxc5 27. Qxc5 Qe6 28. a4 g4 29. a5 g3 30. Rfg1 h3 31. a6 b6 0-1

[Event "*** Titled Tuesday Blitz"]
[Site "Chess.com"]
[Date "2020.05.26"]
[Round "6"]
[White "UCantHandleDenker"]
[Black "Manukyan_Artak"]
[Result "1-0"]
[WhiteElo "2457"]
[BlackElo "2279"]
[TimeControl "180+1"]
[EndTime "11:07:42 PDT"]
[Termination "UCantHandleDenker won by checkmate"]

1. Nf3 c6 2. g3 d5 3. Bg2 Bf5 4. O-O Qc8 5. c4 Bh3 6. cxd5 Bxg2 7. Kxg2 cxd5 8. Nc3 Nf6 9. d3 e6 10. Qb3 Nc6 11.
Bf4 Be7 12. Rac1 O-O 13. e4 dxe4 14. dxe4 Rd8 15. Rfd1 h6 16. e5 Rxd1 17. Rxd1 Nd7 18. h4 Nc5 19. Qb5 Qc7 20. a3 a6 21. Qe2 Rd8 22. b4 Rxd1 23. Qxd1 Nd7 24. Qe2 b5 25. Qe3 Bf8 26. g4 Ne7 27. h5 Nb6 28. Qd3 Ned5 29. Nxd5 Nxd5 30. Bg3 Qc4 31. Qd4 Qc7 32. g5 hxg5 33.
Nxg5 Qc4 34. Qd1 Nc3 35. Qc2 Qd5+ 36. Kh2 Qd1 37. Qh7# 1-0

[Event "*** Titled Tuesday Blitz"]
[Site "Chess.com"]
[Date "2020.05.26"]
[Round "6"]
[White "velemajstor767276"]
[Black "Stronger1799"]
[Result "1-0"]
[WhiteElo "2593"]
[BlackElo "2373"]
[TimeControl "180+1"]
[EndTime "11:07:43 PDT"]
[Termination "velemajstor767276 won by checkmate"]

1. d4 Nf6 2. Bg5 g6 3. Bxf6 exf6 4. e3 Bg7 5. c4 O-O 6. Nc3 f5 7. Nge2 d6 8. g3 Re8 9. Bg2 Nd7 10. O-O Nf8 11.
b4 c5 12. Rb1 Rb8 13. bxc5 dxc5 14. Nd5 Ne6 15. dxc5 Nxc5 16. Nd4 Bd7 17. Nb5 a6 18. Nd4 Ba4 19. Qd2 Bc6 20. Rfd1 Bxd5 21. Bxd5 Ne4 22. Qc2 Qa5 23. Bxb7 Nc3 24. Nc6 Qc7 25. Nxb8 Rxb8 26. Bxa6 Ra8 27. Rb7 Qc6 28. Rdd7 Rxa6 29. Rxf7 Be5 30.
Qd3 Qd6 31. Qxd6 Bxd6 32. Rxh7 Be5 33. Rhe7 Rd6 34. Re8# 1-0

[Event "*** Titled Tuesday Blitz"]
[Site "Chess.com"]
[Date "2020.05.26"]
[Round "6"]
[White "Mikhal867"]
[Black "RATNAKARAN"]
[Result "0-1"]
[WhiteElo "2187"]
[BlackElo "2548"]
[TimeControl "180+1"]
[EndTime "11:07:43 PDT"]
[Termination "RATNAKARAN won on time"]

1. e4 e6 2. d4 d5 3. Nc3 Nf6 4.
e5 Nfd7 5. f4 c5 6. Nf3 a6 7.
Be3 b5 8. Qd2 Qb6 9. g3 Bb7 10.
Bg2 Nc6 11. O-O g6 12. Kh1 f5 13. exf6 Nxf6 14. dxc5 Bxc5 15. Bxc5 Qxc5 16. Ng5 Nd8 17. Rae1 O-O 18. Nxe6 Nxe6 19. Rxe6 b4 20. Na4 Qb5 21. b3 Ne4 22. Qd3 Rae8 23. Rxe8 Rxe8 24. Qxb5 axb5 25. Nb6 Nd2 26. Rd1 Re2 27. Nxd5 Rxg2 28. Kxg2 Bxd5+ 29. Kg1 Nf3+ 30. Kf2 Be4 31. h3 Kf7 32. Rd7+ Ke6 33.
Rd8 h5 34. Rd1 Bxc2 35. Rc1 Nd4 36. Ke3 Nf5+ 37. Kf3 Kd5 38. g4 Be4+ 39. Kf2 Nd6 40.
Ke3 Bg2 41. gxh5 gxh5 42. Rg1 Bxh3 43. Rg5+ Nf5+ 44. Kd3 Bg4 45. Rg8 Nd6 46. Rg5+ Bf5+ 47. Ke3 h4 48. Rh5 h3 49. Kf3 Kd4 50. Rh6 Ne4 51. Rh5 Bg4+ 52. Kxg4 Nf6+ 53. Kg5 Nxh5 0-1

[Event "*** Titled Tuesday Blitz"]
[Site "Chess.com"]
[Date "2020.05.26"]
[Round "6"]
[White "Koalaskakistis"]
[Black "ArnieChipmunk"]
[Result "1-0"]
[WhiteElo "2451"]
[BlackElo "2274"]
[TimeControl "180+1"]
[EndTime "11:07:44 PDT"]
[Termination "Koalaskakistis won by resignation"]

1. Nf3 d5 2. g3 Nf6 3. Bg2 c5 4. O-O Nc6 5. d3 Bg4 6. h3 Bh5 7. Nbd2 e6 8. e4 Be7 9. c3 Qc7 10. Qc2 Rd8 11. exd5 exd5 12. Nh4 Bg6 13. Nxg6 hxg6 14.
Nf3 O-O 15. Bf4 Qb6 16. Rfe1 Rfe8 17. Ne5 Nh5 18. Nxc6 bxc6 19. Bd2 Bd6 20. Rxe8+ Rxe8 21. Re1 Rb8 22. b3 c4 23. dxc4 Bxg3 24. Be3 Qc7 25.
fxg3 Qxg3 26. Qf2 Qxf2+ 27. Kxf2 dxc4 28. b4 Rc8 29. Bxa7 Ra8 30. Bd4 Rxa2+ 31. Re2 Ra6 32.
Be5 f6 33. Bd6 Kh7 34. Rd2 f5 35. Be5 Kh6 36. Bf1 f4 37. Bxc4 Ra1 38. Kg2 Kg5 39. Bc7 Ng3 40. Bxf4+ Kxf4 41. Rd4+ Ne4 42. Bd3 Re1 43. c4 Ke5 44. Rxe4+ Rxe4 45. Bxe4 Kxe4 46. Kg3 Kd4 47. b5 cxb5 48. cxb5 Kc5 49. Kg4 Kxb5 50.
Kg5 Kc5 51. Kxg6 Kd5 52. Kxg7 Ke5 53. h4 Kf5 54. h5 Kg5 55. h6 1-0

[Event "*** Titled Tuesday Blitz"]
[Site "Chess.com"]
[Date "2020.05.26"]
[Round "6"]
[White "I_Hit_18K_on_BS"]
[Black "larisakalinina"]
[Result "1-0"]
[WhiteElo "2083"]
[BlackElo "1945"]
[TimeControl "180+1"]
[EndTime "11:07:44 PDT"]
[Termination "I_Hit_18K_on_BS won on time"]

1. e4 c5 2. Nf3 Nc6 3. d4 cxd4 4. Nxd4 Nf6 5. Nc3 d6 6. Bg5 Bd7 7. Bxf6 gxf6 8. Bc4 Ne5 9. Bb3 Rg8 10. Qh5 Rxg2 11.
f4 Ng6 12. Qxh7 e6 13. f5 Ne5 14. Nxe6 Qb6 15. O-O-O fxe6 16. fxe6 Bc6 17. Nd5 Bxd5 18. Rxd5 O-O-O 19. e7 Qe3+ 20. Kd1 Rg1+ 21. Rxg1 Qxg1+ 22. Ke2 Qg4+ 23. Ke3 Qf3+ 24. Kd4 Qf2+ 25. Kc3 Qe3+ 26. Rd3 Qc5+ 27. Kd2 Bxe7 28. Qxe7 Nxd3 29. Be6+ Kb8 30. Qxd8+ 1-0

[Event "*** Titled Tuesday Blitz"]
[Site "Chess.com"]
[Date "2020.05.26"]
[Round "6"]
[White "Witik"]
[Black "archess2"]
[Result "0-1"]
[WhiteElo "2651"]
[BlackElo "2300"]
[TimeControl "180+1"]
[EndTime "11:07:45 PDT"]
[Termination "archess2 won on time"]

1. d4 d5 2. Bf4 c5 3. e3 cxd4 4. exd4 Nc6 5. c3 Nf6 6. Bd3 Bg4 7. Qb3 Na5 8. Qa4+ Bd7 9. Qc2 Nh5 10. Be3 e6 11.
Nd2 Qc7 12. Nh3 Nc6 13. O-O Bd6 14. f4 Rc8 15. Qd1 Nf6 16. Rc1 Qb6 17. Rc2 Na5 18. Qe2 h6 19. Kh1 Ba4 20. b3 Bd7 21. Ng1 Nc6 22. Ngf3 O-O 23. Ne5 Qc7 24. g4 Ne8 25. Ndf3 f6 26. Ng6 Rf7 27. Nfh4 e5 28. fxe5 fxe5 29. Rxf7 Kxf7 30. g5 hxg5 31. Qh5 Nf6 32. Nxe5+ Ke7 33. Nhg6+ Kd8 34. Qh8+ Be8 35. Bxg5 Nxe5 36.
dxe5 Bxe5 37. Re2 Qxc3 38. Rxe5 Qxd3 39. Bxf6+ Kc7 40. Re7+ Bd7 41. Be5+ Kc6 0-1

[Event "*** Titled Tuesday Blitz"]
[Site "Chess.com"]
[Date "2020.05.26"]
[Round "6"]
[White "Gurvich_Vitaly"]
[Black "Nastya_Rakhmangulova"]
[Result "1-0"]
[WhiteElo "2552"]
[BlackElo "2308"]
[TimeControl "180+1"]
[EndTime "11:07:45 PDT"]
[Termination "Gurvich_Vitaly won on time"]

1. e4 d5 2. d3 dxe4 3. dxe4 Qxd1+ 4. Kxd1 e5 5. Nf3 Bd6 6. Ne1 Be6 7. Nd2 Nd7 8. Nd3 O-O-O 9. c3 c6 10. Kc2 Ngf6 11. f3 h5 12. h4 Nh7 13. Nb3 Nhf8 14. Be3 f6 15. a4 b6 16. a5 Kb7 17. Nf2 Bxb3+ 18. Kxb3 Bc5 19. Bxc5 Nxc5+ 20. Kc2 Nfe6 21. Bc4 Rhe8 22. axb6 axb6 23. Rhd1 b5 24. Bf1 Rxd1 25. Rxd1 Rd8 26. Re1 Ra8 27. g3 Ra2 28. Bh3 Na4 29. Nd1 Nec5 30. Re2 Nb6 31. Kb1 Ra8 32. Ne3 Rd8 33.
Bf5 Nb3 34. f4 Nc4 35. Be6 Nbd2+ 36. Kc2 Nxe4 37. Nxc4 Nc5 38. Nxe5 Nxe6 39. Nxc6 Kxc6 40. Rxe6+ Kd7 41. Rb6 Re8 42. Rxb5 Re3 43. Rxh5 Rxg3 44. b4 Rg4 45. c4 Rxf4 46. Kb3 1-0

[Event "*** Titled Tuesday Blitz"]
[Site "Chess.com"]
[Date "2020.05.26"]
[Round "6"]
[White "Falia-p"]
[Black "FMOlexandrProhorov"]
[Result "1-0"]
[WhiteElo "2314"]
[BlackElo "2083"]
[TimeControl "180+1"]
[EndTime "11:07:45 PDT"]
[Termination "Falia-p won on time"]

1. e4 c5 2. Nf3 e6 3. d4 cxd4 4.
Nxd4 Qb6 5. Nb3 Nf6 6. f3 Nc6 7. Qe2 d5 8. Be3 Qc7 9. N1d2 Nb4 10. Kf2 dxe4 11. Nxe4 Nxe4+ 12. fxe4 Bd6 13. c3 Nc6 14. Nd4 a6 15. Nf3 O-O 16. Qc2 b5 17. Bd3 Bb7 18.
e5 Nxe5 19. Bxh7+ Kh8 20. Be4 Ng4+ 21. Ke2 Nxe3 22. Kxe3 Rad8 23. Rhd1 Bf4+ 24. Kf2 Qb6+ 25. Kf1 f5 26. Bxb7 Qxb7 27. Rxd8 Rxd8 28. Rd1 Qc7 29. Rxd8+ Qxd8 30. Ke2 Qd5 31. b3 a5 32. Qd3 Qc5 33. Qd4 Qc7 34. g3 Bd6 35. Ng5 Qe7 36. Qxd6 Qxg5 37.
Qxe6 1-0

[Event "*** Titled Tuesday Blitz"]
[Site "Chess.com"]
[Date "2020.05.26"]
[Round "6"]
[White "GregShahade"]
[Black "Vaathi_Coming"]
[Result "1-0"]
[WhiteElo "2656"]
[BlackElo "2847"]
[TimeControl "180+1"]
[EndTime "11:07:46 PDT"]
[Termination "GregShahade won on time"]

1. e4 c5 2. Nf3 e6 3. d4 cxd4 4. Nxd4 Nc6 5. Nc3 Nf6 6. Ndb5 d6 7. Bf4 e5 8. Bg5 a6 9. Na3 Be6 10. Nc4 Rc8 11. Bd3 Be7 12. O-O O-O 13. Ne3 Nd7 14. Bxe7 Nxe7 15. Qd2 Qb6 16. Rab1 Rfd8 17. Rfe1 Nf6 18.
h3 g6 19. a3 Kg7 20. Kh2 h5 21. Nf5+ Bxf5 22. exf5 Qd4 23. Qg5 Rc7 24. fxg6 fxg6 25. Ne2 Qa4 26. b4 Nh7 27. Qg3 Rf8 28. f4 Nf5 29.
Bxf5 Rxf5 30. fxe5 dxe5 31. Nd4 Rf6 32. Qxe5 Rf7 33.
Ne6+ Kh6 34. Qe3+ g5 35. h4 Rg6 36. Rf1 Rxf1 37. Rxf1 Qxc2 38. hxg5+ Nxg5 39. Rf6 Qxg2+ 40.
Kxg2 1-0

[Event "*** Titled Tuesday Blitz"]
[Site "Chess.com"]
[Date "2020.05.26"]
[Round "6"]
[White "SantoBlue"]
[Black "hitaman"]
[Result "1/2-1/2"]
[WhiteElo "2791"]
[BlackElo "2619"]
[TimeControl "180+1"]
[EndTime "11:07:46 PDT"]
[Termination "Game drawn by repetition"]

1. e4 e5 2. Nf3 Nc6 3. Bb5 Nf6 4. Ba4 Nxe4 5. O-O Nc5 6. Bxc6 dxc6 7. Nxe5 Be7 8. d4 Ne6 9. Be3 O-O 10. Nc3 f6 11.
Nf3 Bb4 12. Ne2 Bd7 13. c3 Bd6 14. Qb3 b6 15. Bf4 Be7 16. Rad1 Kh8 17. Bg3 Qe8 18. Rfe1 Qf7 19. Nf4 Nxf4 20. Bxf4 Qxb3 21. axb3 Bd8 22. b4 Kg8 23. h3 Kf7 24. Kh2 Re8 25. Rxe8 Bxe8 26. g4 Bd7 27. Kg3 Be6 28. h4 a5 29.
Ra1 a4 30. Nd2 Ke7 31. h5 Kd7 32. f3 Be7 33. Kf2 c5 34. dxc5 bxc5 35. b5 c4 36.
Be3 Ra5 37. b6 cxb6 38. Bxb6 Rb5 39. Be3 Rxb2 40. Rxa4 Rc2 41. Ra7+ Ke8 42. Ra8+ Kf7 43. Ra7 Ke8 44. Ra8+ Kf7 45. Ra7 Ke8 1/2-1/2

[Event "*** Titled Tuesday Blitz"]
[Site "Chess.com"]
[Date "2020.05.26"]
[Round "6"]
[White "allvim"]
[Black "MomchilPetkov"]
[Result "0-1"]
[WhiteElo "2271"]
[BlackElo "2552"]
[TimeControl "180+1"]
[EndTime "11:07:46 PDT"]
[Termination "MomchilPetkov won by checkmate"]

1. e4 c5 2. Nf3 d6 3. d4 cxd4 4. Nxd4 Nf6 5. Nc3 a6 6. h3 e6 7. g4 Be7 8. Bg2 Nfd7 9. O-O O-O 10. Nde2 Qc7 11. Be3 b5 12. a3 Bb7 13. Ng3 Nc6 14. f4 Na5 15. f5 Nc4 16. Bc1 d5 17. Bf4 Bd6 18. Bxd6 Qxd6 19. Qe1 d4 20. e5 Qb6 21. Nce4 exf5 22. Nxf5 Ndxe5 23. Qh4 Ng6 24. Qg5 Bxe4 25.
Bxe4 Rae8 26. Bd3 Ne3 27. Rf2 Qc7 28. Rc1 Re5 29. h4 Rfe8 30. h5 f6 31. Nh6+ Kh8 32. Qxg6 hxg6 33. hxg6 gxh6 34. Rh2 Rh5 35. Rh4 Qg3+ 36.
Kh1 Qg2# 0-1

[Event "*** Titled Tuesday Blitz"]
[Site "Chess.com"]
[Date "2020.05.26"]
[Round "6"]
[White "RobPeresian"]
[Black "ThePatrick27"]
[Result "0-1"]
[WhiteElo "2312"]
[BlackElo "2562"]
[TimeControl "180+1"]
[EndTime "11:07:46 PDT"]
[Termination "ThePatrick27 won by checkmate"]

1. Nf3 Nf6 2. c4 g6 3. Nc3 Bg7 4. e4 d6 5. d4 O-O 6. h3 e5 7. d5 c6 8. Bg5 h6 9. Be3 Na6 10. Be2 Qe7 11. g4 Kh8 12. Nd2 Ng8 13. h4 f5 14. f3 Nc7 15. h5 fxg4 16. fxg4 g5 17. Qc2 Rf4 18. Bxf4 exf4 19. O-O-O c5 20. Rhg1 Nf6 21.
Bf3 Nd7 22. Rde1 Ne5 23. Nd1 b5 24. Be2 a6 25. Nf2 Rb8 26. b3 a5 27. cxb5 Nxb5 28. Bxb5 Rxb5 29. Nc4 Rb4 30. Nxe5 Bxe5 31. Nd3 Ba6 32.
Nxb4 axb4 33. Rg2 Bb5 34. Rf2 Qa7 35. Rf3 Qa3+ 36. Kb1 Kg7 37. Rd1 Kf6 38. Rd2 Ba6 39. Qc1 Qa5 40. Rc2 Bb5 41. Rc4 Qa6 42. a3 bxa3 43. Ka2 Bb2 44. Qc2 Bxc4 45. e5+ Bxe5 46. Qg6+ Ke7 47. Qe6+ Kd8 48. bxc4 Qxc4+ 49. Rb3 Qc2+ 50.
Kxa3 Qc1+ 51. Ka4 Qc4+ 52. Ka3 Qa6# 0-1

[Event "*** Titled Tuesday Blitz"]
[Site "Chess.com"]
[Date "2020.05.26"]
[Round "6"]
[White "LedakovAlexandr"]
[Black "tylityli"]
[Result "1-0"]
[WhiteElo "2508"]
[BlackElo "2299"]
[TimeControl "180+1"]
[EndTime "11:07:46 PDT"]
[Termination "LedakovAlexandr won by resignation"]

1. d4 Nf6 2. Nf3 d5 3. c4 dxc4 4. Qa4+ Nbd7 5. g3 c6 6. Qxc4 Nb6 7. Qc2 Bg4 8. Bg2 e6 9. O-O Bf5 10. Qd1 Be7 11. b3 h6 12. Bb2 O-O 13. Nbd2 Ne4 14. Nc4 Nd5 15. Rc1 a5 16. a3 Re8 17. Nfd2 Nxd2 18.
Nxd2 Bg4 19. h3 Bh5 20. g4 Bg6 21. e3 Bd6 22. Nc4 Bc7 23. Ne5 Bxe5 24. dxe5 Qh4 25. Rc4 Qe7 26. Qe2 Nb6 27. Rd4 Red8 28. f4 Rxd4 29.
exd4 a4 30. f5 Bh7 31. b4 Nd5 32.
Qf2 Qg5 33. Bc1 Qd8 34. fxe6 fxe6 35. Qf7+ Kh8 36. Qxb7 Rc8 37. Rf7 Rc7 38. Rxc7 Qxc7 39.
Qxc7 Nxc7 40. Bxc6 Bc2 41. b5 Nd5 42. Bxd5 exd5 43. b6 1-0

[Event "*** Titled Tuesday Blitz"]
[Site "Chess.com"]
[Date "2020.05.26"]
[Round "6"]
[White "relaxx87"]
[Black "Thipsay"]
[Result "1-0"]
[WhiteElo "2675"]
[BlackElo "2462"]
[TimeControl "180+1"]
[EndTime "11:07:47 PDT"]
[Termination "relaxx87 won on time"]

1. e4 e5 2. Nf3 Nc6 3. Bb5 a6 4. Ba4 Nf6 5. O-O Be7 6. Re1 b5 7. Bb3 d6 8. c3 Na5 9. Bc2 c5 10. d4 Qc7 11. a4 b4 12. cxb4 cxb4 13. Nbd2 O-O 14. b3 Bd7 15. Bb2 Nc6 16. Nc4 Bg4 17. h3 Bxf3 18. Qxf3 Nxd4 19. Bxd4 exd4 20. Rad1 Nd7 21. Rxd4 Ne5 22. Qg3 a5 23. Red1 Rad8 24. Bd3 Bf6 25. Rd5 Nxc4 26. Bxc4 Be5 27. f4 Bc3 28.
Kh1 Kh8 29. Qg5 f6 30. Qh4 Qe7 31. Rxa5 g6 32. Bd5 Rc8 33. Rb5 Rc7 34. a5 Ra7 35. Qf2 Rc8 36. Qb6 Rcc7 37. Qb8+ Kg7 38. Qg8+ Kh6 39. Bc4 d5 40. Rbxd5 1-0

[Event "*** Titled Tuesday Blitz"]
[Site "Chess.com"]
[Date "2020.05.26"]
[Round "6"]
[White "GelmanAlexander"]
[Black "MFBerna"]
[Result "1-0"]
[WhiteElo "2560"]
[BlackElo "2394"]
[TimeControl "180+1"]
[EndTime "11:07:48 PDT"]
[Termination "GelmanAlexander won on time"]

1. c4 Nf6 2. Nf3 e6 3. d3 d5 4. Nbd2 Be7 5. b3 O-O 6. Bb2 c5 7. e3 Nc6 8. a3 b6 9. Rg1 Bb7 10. g4 d4 11. Qe2 e5 12. g5 Ne8 13.
h4 Nd6 14. Bh3 Bc8 15. Bxc8 Qxc8 16. h5 Qe6 17. O-O-O Kh8 18. Rde1 f5 19. gxf6 Qxf6 20. Kb1 Qh6 21. Nh2 dxe3 22. fxe3 Nf5 23. Ne4 Rad8 24. Ng4 Qxh5 25. Rh1 Qg6 26. Reg1 Qe6 27. Qh2 h6 28.
Nxe5 Nxe5 29. Bxe5 Kh7 30. Bb2 Rxd3 31. Ng5+ Bxg5 32.
Rxg5 Rxb3 33. Rg2 Qe4+ 34. Ka1 Rxe3 35. Rxg7+ 1-0